 Dungeon Crawl Stone Soup version bcrawl-1.27.6 (webtiles) character file.

Game seed: 495993047970230558

217728 Faustar the Magician (level 8, -6/61 HPs)
             Began as a Vampire Necromancer on Sept 29, 2020.
             Shot with an arrow by a centaur (10 damage)
             ... on level 6 of the Dungeon.
             The game lasted 00:21:12 (5434 turns).

Faustar the Magician (Vampire Necromancer)          Turns: 5434, Time: 00:21:13

Health: -6/61      AC:  4    Str: 12    XL:     8   Next: 23%
Magic:  12/18      EV: 14    Int: 17    God:
Gold:   266        SH:  0    Dex: 13    Spells: 11/20 levels left

rFire    . . .     SeeInvis +   m - +0 dagger (speed)
rCold    . . .     Gourm    .   (no shield)
rNeg     + . .     Faith    .   b - +0 robe
rPois    .         Spirit   .   (no helmet)
rElec    .         Reflect  .   (no cloak)
rCorr    .         Harm     .   (no gloves)
MR       .....                  h - +1 pair of boots
Stlth    +++.......             (no amulet)
HPRegen  0.20/turn              (no ring)
MPRegen  0.16/turn              (no ring)

@: lethally poisoned (-6 -> -7)
A: claws 1, fangs 3, see invisible, unbreathing
a: no special abilities


You were on level 6 of the Dungeon.
You were not thirsty.

You visited 2 branches of the dungeon, and saw 7 of its levels.

You collected 266 gold pieces.

Inventory:

Hand Weapons
 a - a +2 dagger
 m - a +0 dagger of speed (weapon)
Missiles
 x - a throwing net {=f}
Armour
 b - a +0 robe (worn)
 h - a +1 pair of boots (worn)
 j - a +0 ring mail of cold resistance
Wands
 v - a wand of flame (8)
Scrolls
 c - 8 scrolls of identify
 d - 2 scrolls of remove curse
 s - a scroll of blinking {unknown}
 w - a scroll of noise {unknown}
Potions
 e - a potion of might {unknown}
 f - 2 potions of lignification {unknown}
 g - 2 potions of berserk rage {unknown}
 n - a potion of cancellation {unknown}
 o - 2 potions of curing {unknown}
 r - 3 potions of resistance {unknown}
 t - a potion of ambrosia {unknown}


   Skills:
 + Level 4.4 Fighting
 - Level 5.0 Dodging
 - Level 4.0 Stealth
 * Level 6.9 Spellcasting
 - Level 4.3 Necromancy


You had 11 spell levels left.
You knew the following spells:

 Your Spells              Type           Power        Failure   Level  Hunger
a - Animate Skeleton      Necr           N/A          1%          1    None
b - Pain                  Necr           ###...       1%          1    None
c - Animate Dead          Necr           N/A          19%         4    ####...
d - Vampiric Draining     Necr           ###.......   6%          3    None

Your spell library contained the following spells:

 Spells                   Type           Power        Failure   Level  Hunger
 Regeneration             Chrm/Necr      ##........   14%         3    None
 Bolt of Draining         Conj/Necr      ##........   78%         5    #####..


Dungeon Overview and Level Annotations

Branches:
Dungeon (6/12)             Temple (1/1) D:5

Altars:
Ashenzari
Cheibriados
Dithmenos
Fedhas
Gozag
Lugonu
Qazlal
Ru
Vehumet
Wu Jian
Xom
Yredelemnul
Zin
The Shining One

Annotations:
D:3 1 runed door, Grinder; Quickbrownfox's ghost, weakling DsAc
D:4 exclusion: crimson imp


Innate Abilities, Weirdness & Mutations

You have sharp fingernails.
You have razor-sharp teeth.
You have supernaturally acute eyesight. (SInv)
You can survive without breathing.


Message History

You feel strangely unstable.
You feel sick. The gnoll barely misses you.
The orc wizard hits you with a +0 dagger.
* * * LOW HITPOINT WARNING * * *
The orc hits your orc zombie with a +0 whip.
Your orc zombie is destroyed!
The gnoll closely misses you.
You feel sick. The orc wizard completely misses you.
The orc hits you but does no damage.
The gnoll hits you from afar with a +0 spear.
* * * LOW HITPOINT WARNING * * *
Your surroundings suddenly seem different. 3 gnolls and a centaur come into view.
A gnoll is wielding a +0 flail of holy wrath.
Unknown command.
The gnoll shouts!
The centaur wields a +0 shortbow.
The centaur shoots an arrow.
The arrow closely misses you.
A worker ant zombie comes into view.
You feel sick.
The centaur shoots an arrow.
The arrow hits you!
You die...

.. .#
###.#####
#........
#........
#........
#........
#@.......
#........
#........
#.......c
#.......Z
#.g......
#...g....
#..g.....
#........


You could see a centaur, 3 gnolls and a worker ant zombie (wandering).

Vanquished Creatures
  A hippogriff (D:5)
  A sky beast (D:4)
  A phantom (D:5)
  An ogre (D:4)
  A centaur (D:5)
  2 howler monkeys
  3 crimson imps
  A hound (D:4)
  A bullfrog skeleton (D:5)
  5 orc wizards
  2 worker ants
  4 gnolls (D:4)
  8 adders
  An ooze (D:1)
  3 dart slugs
  5 worms
  8 leopard geckos
  24 orcs
  A ball python (D:2)
  3 giant cockroaches
  5 goblins
  9 hobgoblins
  7 jackals
  10 kobolds
  2 quokkas
  7 bats
  A frilled lizard (D:3)
  A quokka skeleton (D:4)
  A quokka zombie (D:5)
  6 rats
125 creatures vanquished.

Vanquished Creatures (collateral kills)
  A quasit (D:5)
  A giant cockroach (D:5)
2 creatures vanquished.

Grand Total: 127 creatures vanquished

Notes
Turn   | Place    | Note
-------+----------+-------------------------------------------
     0 | D:1      | Faustar the Vampire Necromancer began the quest for the
                  | Orb.
     0 | D:1      | Reached XP level 1. HP: 13/13 MP: 3/3
   108 | D:1      | Reached XP level 2. HP: 15/20 MP: 5/5
   438 | D:1      | Reached skill level 1 in Fighting
   579 | D:1      | Reached XP level 3. HP: 26/26 MP: 7/7
  1200 | D:2      | Reached skill level 3 in Spellcasting
  1380 | D:2      | Reached XP level 4. HP: 18/32 MP: 1/8
  2042 | D:3      | Reached XP level 5. HP: 23/38 MP: 5/10
  2048 | D:3      | Learned a level 4 spell: Animate Dead
  2052 | D:3      | Learned a level 3 spell: Vampiric Draining
  2125 | D:3      | Found a runed door.
  2207 | D:3      | Found a large runed translucent door.
  2210 | D:3      | Found a large runed translucent door.
  2211 | D:3      | Noticed Quickbrownfox's ghost (weakling DsAc)
  2309 | D:3      | Found a corrupted altar of Lugonu.
  2412 | D:3      | Reached skill level 4 in Spellcasting
  2688 | D:3      | Noticed Grinder
  2947 | D:4      | Found a shadowy altar of Dithmenos.
  3041 | D:4      | Found a sacrificial altar of Ru.
  3080 | D:4      | Reached XP level 6. HP: 41/45 MP: 5/12
  3678 | D:4      | Noticed a sky beast
  3690 | D:4      | Killed a sky beast
  3690 | D:4      | Reached skill level 5 in Spellcasting
  3690 | D:4      | Reached XP level 7. HP: 39/52 MP: 5/14
  4093 | D:5      | Entered Level 5 of the Dungeon
  4093 | D:5      | Found an ornate altar of the Wu Jian Council.
  4166 | D:5      | Found a staircase to the Ecumenical Temple.
  4255 | D:5      | Reached skill level 5 in Dodging
  4270 | Temple   | Entered the Ecumenical Temple
  4502 | D:5      | Noticed a hippogriff
  4547 | D:5      | Reached skill level 6 in Spellcasting
  4666 | D:5      | Killed a hippogriff
  4666 | D:5      | Reached XP level 8. HP: 60/60 MP: 17/17
  5434 | D:6      | Shot with an arrow by a centaur

Skill      XL: |  1  2  3  4  5  6  7 |
---------------+----------------------+-----
Fighting       | 1 2 3 4 |  4.4
Spellcasting   | 3 4 5 6 |  6.9
Dodging        | 3 4 5 |  5.0
Stealth        | 4 |  4.0
Necromancy     | |  4.3

Action                   |  1- 3 |  4- 6 |  7- 9 || total
-------------------------+-------+-------+-------++-------
Melee: Dagger            |   101 |   145 |   271 ||   517
       Bite              |     4 |    10 |    21 ||    35
 Cast: Pain              |    47 |   131 |    48 ||   226
       Animate Skeleton  |       |     2 |       ||     2
       Vampiric Draining |       |     1 |     4 ||     5
       Animate Dead      |       |     1 |     4 ||     5
Evoke: Wand              |       |       |    23 ||    23
  Use: Potion            |    11 |    17 |     8 ||    36
       Scroll            |       |       |     6 ||     6
 Stab: Sleeping          |     4 |     2 |     1 ||     7
       Petrified         |       |       |    10 ||    10
Armor: Robe              |    24 |    20 |    53 ||    97
Dodge: Dodged            |   105 |   112 |   148 ||   365
